 Dungeon Crawl Stone Soup version 0.21.0-3-g78d12a8 (webtiles) character file.

56600 Stelteck the Earth Mage (level 14, -19/74 HPs)
             Began as a Gargoyle Earth Elementalist on Jan 6, 2018.
             Was a High Priest of Vehumet.
             Demolished by an orc warrior
             ... wielding a +1 halberd of venom
             ... led by an orc warlord
              (28 damage)
             ... on level 1 of the Orcish Mines on Jan 11, 2018.
             The game lasted 02:34:05 (21845 turns).

Stelteck the Earth Mage (GrEE)                     Turns: 21845, Time: 02:34:06

Health: -19/74     AC: 23    Str: 13    XL:     14   Next: 82%
Magic:  19/42      EV:  7    Int: 22    God:    Vehumet [*****.]
Gold:   1496       SH:  0    Dex: 10    Spells: 5/32 levels left

rFire    + . .     SeeInvis .   V - staff of power
rCold    + . .     Gourm    .   M - +2 buckler
rNeg     + . .     Faith    .   z - +3 leather armour {rC+}
rPois    ∞         Spirit   .   R - +0 helmet
rElec    +         Reflect  .   (no cloak)
rCorr    .         Harm     .   W - +1 pair of gloves
MR       ++...                  (no boots)
Stlth    ++........             (no amulet)
HPRegen  0.22/turn              A - ring of stealth
MPRegen  0.28/turn              w - ring of protection from fire

@: confused, about to teleport, held
A: big wings, yellow scales 1, clever 1, magic resistance 1, negative energy
resistance 1, robust 1, electricity resistance, unbreathing, petrification
resistance, rot immunity, AC +10
a: Fly, Renounce Religion


You were on level 1 of the Orcish Mines.
You worshipped Vehumet.
Vehumet was extremely pleased with you.
You were very hungry.

You visited 4 branches of the dungeon, and saw 20 of its levels.

You collected 1496 gold pieces.

Inventory:

Hand Weapons
 Q - the +7 hand axe of Conyck {flame, +Blink +Fly Str+4}
   (You found it on level 4 of the Lair of Beasts)

   It has been specially enchanted to burn those struck by it, causing extra
   injury to most foes and up to half again as much damage against particularly
   susceptible opponents.
   Big, fiery blades are also staple armaments of hydra-hunters.
   It affects your strength (+4).
   It lets you fly.
   It lets you blink.
Missiles
 a - 5 silver tomahawks (quivered)
 x - 11 tomahawks
 y - 82 stones
Armour
 u - a +0 shield
 z - a +3 leather armour of cold resistance (worn)
 M - a +2 buckler (worn)
 R - a +0 helmet (worn)
 W - a +1 pair of gloves (worn)
Magical Staves
 V - an uncursed staff of power (weapon)
Jewellery
 w - a ring of protection from fire (right hand)
 A - a ring of stealth (left hand)
 F - an uncursed amulet of guardian spirit {unknown}
Wands
 s - a wand of scattershot (8)
 B - a wand of paralysis (14)
 H - a wand of iceblast (34)
 I - a wand of acid (9)
 J - a wand of enslavement (1)
 S - a wand of polymorph (9)
Scrolls
 b - 4 scrolls of blinking
 f - 8 scrolls of remove curse
 m - a scroll of brand weapon {unknown}
 q - 8 scrolls of teleportation
 C - 6 scrolls of fear
 E - 2 scrolls of amnesia
 N - a scroll of enchant weapon
 P - 6 scrolls of immolation
Potions
 c - 3 potions of curing
 g - a potion of cancellation
 h - 2 potions of flight
 i - 4 potions of haste
 j - 2 potions of mutation
 l - a potion of magic
 o - 3 potions of lignification
 p - a potion of might
 r - a potion of brilliance
 t - a potion of ambrosia
 L - 3 potions of invisibility
 O - 3 potions of heal wounds
 T - a potion of agility
Books
 e - a book of Geomancy

   Spells                             Type                      Level
   a - Sandblast                      Earth                        1
   b - Passwall                       Transmutation/Earth          2
   c - Stone Arrow                    Conjuration/Earth            3
   d - Petrify                        Transmutation/Earth          4
   e - Lee's Rapid Deconstruction     Earth                        5
 n - a book of Conjurations

   Spells                             Type                      Level
   a - Magic Dart                     Conjuration                  1
   b - Searing Ray                    Conjuration                  2
   c - Dazzling Spray                 Conjuration/Hexes            3
   d - Fulminant Prism                Conjuration/Hexes            4
   e - Force Lance                    Conjuration/Translocation    4
   f - Iskenderun's Mystic Blast      Conjuration                  4
 v - a Young Poisoner's Handbook

   Spells                             Type                      Level
   a - Sting                          Conjuration/Poison           1
   b - Poisonous Vapours              Poison/Air                   2
   c - Mephitic Cloud                 Conjuration/Poison/Air       3
   d - Olgreb's Toxic Radiance        Poison                       4
   e - Venom Bolt                     Conjuration/Poison           5
 D - a book of Power

   Spells                             Type                      Level
   a - Iskenderun's Battlesphere      Conjuration/Charms           5
   b - Venom Bolt                     Conjuration/Poison           5
   c - Bolt of Magma                  Conjuration/Fire/Earth       5
   d - Iron Shot                      Conjuration/Earth            6
   e - Orb of Destruction             Conjuration                  7
   f - Spellforged Servitor           Conjuration/Summoning        7
 G - a book of the Sky

   Spells                             Type                      Level
   a - Summon Lightning Spire         Summoning/Air                4
   b - Silence                        Hexes/Air                    5
   c - Deflect Missiles               Charms/Air                   6
   d - Conjure Ball Lightning         Conjuration/Air              6
   e - Tornado                        Air                          9
 K - the Papyrus of the Boosting Rocks
   (You found it on level 8 of the Dungeon)

   Spells                             Type                      Level
   a - Infusion                       Charms                       1
   b - Swiftness                      Charms/Air                   2
   c - Passwall                       Transmutation/Earth          2
   d - Ozocubu's Armour               Charms/Ice                   3
   e - Lee's Rapid Deconstruction     Earth                        5
   f - Deflect Missiles               Charms/Air                   6
Miscellaneous
 U - a crystal ball of energy
Comestibles
 d - 28 rations


   Skills:
 - Level 7.3 Armour
 - Level 4.4 Dodging
 - Level 2.1 Stealth
 - Level 5.0 Shields
 + Level 9.6 Spellcasting
 - Level 11.7 Conjurations
 - Level 0.7 Transmutations
 - Level 16.2 Earth Magic
 - Level 9.0 Poison Magic
 - Level 8.3 Evocations


You had 5 spell levels left.
You knew the following spells:

 Your Spells              Type           Power        Failure   Level  Hunger
a - Sandblast             Erth           ######       0%          1    None
b - Passwall              Tmut/Erth      #####.....   1%          2    None
c - Stone Arrow           Conj/Erth      ######       1%          3    None
d - Lee's Rapid Deconstr  Erth           ######....   1%          5    ####...
e - Iron Shot             Conj/Erth      ######....   1%          6    ######.
f - Petrify               Tmut/Erth      #####...     2%          4    ##.....
g - Swiftness             Chrm/Air       ##......     12%         2    None
h - Olgreb's Toxic Radia  Pois           ######..     1%          4    ##.....


Dungeon Overview and Level Annotations

Branches:
Dungeon (11/15)            Temple (1/1) D:5            Lair (6/6) D:10
  Swamp (0/4) Lair:3       Spider (0/4) Lair:4        Slime (0/5) Lair:5
    Orc (2/2) D:10            Elf (0/3) Orc:2

Altars:
Ashenzari
Cheibriados
Dithmenos
Elyvilon
Fedhas
Gozag
Hepliaklqana
Kikubaaqudgha
Makhleb
Nemelex Xobeh
Okawaru
Qazlal
Ru
Sif Muna
Trog
Uskayaw
Vehumet
Wu Jian
Xom
Yredelemnul
Zin
The Shining One
Jiyva

Shops:
D:10 (


Innate Abilities, Weirdness & Mutations

You are resistant to torment.
Your stone body is resilient. (AC +10)
You are immune to poison.
Your large and strong wings let you fly indefinitely.
You resist negative energy. (rN+)
You are resistant to electric shocks. (rElec)
You can survive without breathing.
You are immune to petrification.
You are immune to rotting.
You are partially covered in yellow scales. (AC +2)
Your mind is acute. (Int +2)
You are resistant to hostile enchantments. (MR+)
You are robust. (+10% HP)


Message History

You feel strangely unstable. Harold gestures at you while chanting.
The bolt of fire misses you. The orc warrior closely misses you.
The orc warrior hits you from afar with a halberd!
* * * LOW HITPOINT WARNING * * *
You feel much better. The orc warrior barely misses you.
Harold points at you and mumbles some strange words.
The bolt of fire hits you! You resist. The orc warrior barely misses you.
The orc warrior hits you but does no damage.
The orc warlord hits you but does no damage.
Unknown command.
You are confused.
You feel invigorated.
You kill Harold!
Vehumet accepts your kill.
You feel your power returning.
The orc warrior hits you from afar with a halberd!!
* * * LOW HITPOINT WARNING * * *
The orc warrior hits you from afar with a halberd of venom!!
You die...

...#....
.......##
##....#..##
##.........#
#...........
#.....).....
#...).)....
#..@o......
#...ooO..[..
##..o.o..)#.
#..o....)..
.........##
#......oo##
#.......).
##...#.....


You could see an orc warlord, 4 orc warriors, an ogre and 3 orcs.

Vanquished Creatures
  An orc warlord (Orc:1)
  7 hydras
  3 catoblepae (Lair:6)
  Harold (Orc:1)
  Erica (D:9)
  A two-headed ogre (D:9)
  8 death yaks
  Sonja (Lair:4)
  Pikel (D:6)
  3 orc knights (Orc:2)
  The ghost of p0werm0de the Charlatan, a novice HuAr (D:5)
  2 orc sorcerers
  5 manticores
  5 black mambas
  Maurice (D:9)
  4 spiny frogs
  A torpor snail (Lair:2)
  6 elephants (Lair:5)
  3 komodo dragons
  2 rime drakes
  A queen bee (Lair:5)
  A troll (D:8)
  3 meliai (Lair:5)
  4 jumping spiders (Lair:4)
  Prince Ribbit (D:9)
  2 hornets
  15 blink frogs
  5 dream sheep (Lair:6)
  3 hippogriffs
  2 redbacks (Lair:4)
  A vampire (D:9)
  4 wyverns
  67 yaks
  A wraith (D:7)
  A basilisk (Lair:1)
  A steam dragon (D:8)
  A hungry ghost (D:10)
  2 wargs (D:10)
  5 porcupines
  8 water moccasins
  2 black bears
  30 orc warriors
  A swamp drake (D:10)
  An ice beast (D:10)
  8 wolves
  A necrophage (D:9)
  A slave (D:6)
  6 ogres
  11 centaurs
  4 crocodiles
  2 big kobolds
  6 bullfrogs
  A water moccasin zombie (D:7)
  2 scorpions
  36 killer bees
  5 wights (D:10)
  11 electric eels
  A howler monkey (D:8)
  A centaur zombie (D:9)
  4 crimson imps
  A bullfrog zombie (D:7)
  A jelly (D:6)
  2 quasits
  A centaur skeleton (D:9)
  A hound (D:4)
  15 orc priests
  18 orc wizards
  Jessica (D:2)
  3 iguanas
  2 hell rats (Lair:5)
  A worker ant (D:6)
  A hound zombie (D:5)
  A hound skeleton (D:10)
  A worker ant zombie (D:2)
  8 adders
  4 gnolls (D:5)
  2 shadow imps
  3 worms
  4 dart slugs
  2 leopard geckos
  91 orcs
  7 giant cockroaches
  9 goblins
  5 hobgoblins
  14 jackals
  18 kobolds
  A quokka (D:9)
  6 bats
  5 frilled lizards
  A quokka skeleton (D:7)
  A quokka zombie (D:5)
  11 rats
  A fungus (Lair:5)
561 creatures vanquished.

Vanquished Creatures (others)
  A black bear (D:6)
  2 orcs
  A quokka (D:9)
  A kobold (D:9)
  5 fungi
  19 plants
29 creatures vanquished.

Grand Total: 590 creatures vanquished

Notes
Turn   | Place    | Note
-------+----------+-------------------------------------------
     0 | D:1      | Stelteck the Gargoyle Earth Elementalist began the quest for the Orb.
     0 | D:1      | Reached XP level 1. HP: 10/10 MP: 3/3
    45 | D:1      | Reached skill level 4 in Earth Magic
    87 | D:1      | Reached XP level 2. HP: 15/15 MP: 1/5
   219 | D:1      | Learned a level 2 spell: Passwall
   230 | D:1      | Found a shattered altar of Ashenzari.
   476 | D:1      | Gained mutation: You are partially covered in yellow scales. (AC +2) [potion of mutation]
   476 | D:1      | Gained mutation: You are resistant to hostile enchantments. (MR+) [potion of mutation]
   476 | D:1      | Gained mutation: Your mind is acute. (Int +2) [potion of mutation]
   476 | D:1      | Gained mutation: You are robust. (+10% HP) [potion of mutation]
   667 | D:1      | Reached skill level 5 in Earth Magic
   667 | D:1      | Reached XP level 3. HP: 20/20 MP: 2/6
   833 | D:1      | Learned a level 3 spell: Stone Arrow
   926 | D:2      | Noticed Jessica
   930 | D:2      | Killed Jessica
   930 | D:2      | Reached skill level 6 in Earth Magic
   930 | D:2      | Reached XP level 4. HP: 26/26 MP: 5/7
  1149 | D:2      | Reached XP level 5. HP: 30/30 MP: 5/8
  1542 | D:2      | Reached skill level 7 in Earth Magic
  1791 | D:3      | Found a basalt altar of Yredelemnul.
  2640 | D:4      | Found an ancient bone altar of Kikubaaqudgha.
  2774 | D:4      | Reached XP level 6. HP: 33/35 MP: 7/9
  3089 | D:4      | Reached skill level 8 in Earth Magic
  3292 | D:5      | Entered Level 5 of the Dungeon
  3543 | D:5      | Reached skill level 9 in Earth Magic
  3580 | D:5      | Found a hide-covered altar of Uskayaw.
  3849 | D:5      | Reached XP level 7. HP: 39/39 MP: 8/10
  3926 | D:5      | Noticed p0werm0de's ghost (novice HuAr)
  3940 | D:5      | Killed p0werm0de's ghost
  3940 | D:5      | Reached skill level 11 in Earth Magic
  3940 | D:5      | Reached XP level 8. HP: 31/45 MP: 4/11
  4039 | D:5      | Learned a level 5 spell: Lee's Rapid Deconstruction
  4063 | D:5      | Found a staircase to the Ecumenical Temple.
  4072 | Temple   | Entered the Ecumenical Temple
  4145 | Temple   | Became a worshipper of Vehumet
  4345 | D:6      | Found a glowing golden altar of the Shining One.
  4824 | D:6      | Noticed Pikel
  4861 | D:6      | Killed Pikel
  4861 | D:6      | Reached skill level 5 in Spellcasting
  5748 | D:7      | Noticed a wraith
  5760 | D:7      | Killed a wraith
  5760 | D:7      | Reached XP level 9. HP: 43/49 MP: 4/18
  6385 | D:7      | Found a stormy altar of Qazlal.
  6546 | D:7      | Found a shimmering altar of Xom.
  6992 | D:8      | Reached skill level 5 in Armour
  7090 | D:8      | Identified the Papyrus of the Boosting Rocks
  7113 | D:8      | Reached * piety under Vehumet
  7113 | D:8      | Offered knowledge of Freeze by Vehumet.
  7132 | D:8      | HP: 1/49 [orc warrior/tomahawk (15)]
  7296 | D:7      | Learned a level 6 spell: Iron Shot
  7304 | D:8      | Reached skill level 1 in Conjurations
  7335 | D:8      | Noticed a hornet
  7345 | D:8      | Killed a hornet
  7740 | D:8      | Noticed a troll
  7747 | D:8      | Killed a troll
  7747 | D:8      | Reached skill level 5 in Conjurations
  7747 | D:8      | Reached XP level 10. HP: 54/55 MP: 14/19
  7753 | D:8      | Learned a level 4 spell: Petrify
  7802 | D:9      | Noticed a two-headed ogre
  7808 | D:9      | Killed a two-headed ogre
  8127 | D:9      | Noticed Erica
  8318 | D:9      | Noticed Prince Ribbit
  8323 | D:9      | Killed Prince Ribbit
  8618 | D:9      | Offered knowledge of Shock by Vehumet.
  8620 | D:9      | Reached ** piety under Vehumet
  9337 | D:9      | Noticed Maurice
  9495 | D:9      | Killed Maurice
  9886 | D:9      | Killed Erica
  9886 | D:9      | Reached XP level 11. HP: 36/59 MP: 20/20
 10355 | D:9      | Offered knowledge of Static Discharge by Vehumet.
 10403 | D:9      | Reached skill level 5 in Shields
 10798 | D:10     | Entered Level 10 of the Dungeon
 10798 | D:10     | Found a staircase to the Lair.
 11011 | D:10     | Reached *** piety under Vehumet
 11018 | D:10     | Reached skill level 12 in Earth Magic
 11533 | D:10     | Offered knowledge of Ignite Poison by Vehumet.
 12488 | D:10     | Found Zarot's Weapon Emporium.
 12520 | D:10     | Reached **** piety under Vehumet
 12536 | D:10     | Reached skill level 13 in Earth Magic
 12575 | D:10     | Offered knowledge of Lightning Bolt by Vehumet.
 12616 | D:10     | Found a staircase to the Orcish Mines.
 13084 | D:11     | Noticed a two-headed ogre
 13129 | Lair:1   | Entered Level 1 of the Lair of Beasts
 13150 | Lair:1   | Noticed a seven-headed hydra
 13154 | Lair:1   | Killed a seven-headed hydra
 13371 | Lair:1   | Reached skill level 14 in Earth Magic
 13490 | Lair:1   | Reached XP level 12. HP: 51/64 MP: 17/21
 14715 | Lair:2   | Upgraded the game from 0.21.0 to 0.21.0-3-g78d12a8
 15044 | Lair:3   | Found a staircase to the Swamp.
 15097 | Lair:3   | Learned a level 2 spell: Swiftness
 15102 | Lair:3   | Learned a level 4 spell: Olgreb's Toxic Radiance
 15152 | Lair:3   | Reached skill level 10 in Conjurations
 15436 | Lair:3   | Reached skill level 1 in Poison Magic
 15605 | Lair:3   | Noticed a six-headed hydra
 15610 | Lair:3   | Killed a six-headed hydra
 15610 | Lair:3   | Reached ***** piety under Vehumet
 15610 | Lair:3   | Offered knowledge of Bolt of Fire by Vehumet.
 15898 | Lair:4   | Noticed a five-headed hydra
 15904 | Lair:4   | Killed a five-headed hydra
 15943 | Lair:4   | Found a hole to the Spider Nest.
 15951 | Lair:4   | Reached skill level 5 in Poison Magic
 16016 | Lair:4   | Noticed Sonja
 16019 | Lair:4   | Killed Sonja
 16019 | Lair:4   | Reached XP level 13. HP: 69/69 MP: 19/26
 16314 | Lair:4   | Got a faintly glowing hand axe
 16315 | Lair:4   | Identified the +7 hand axe of Conyck {flame, +Blink +Fly Str+4} (You found it on level 4 of the Lair of Beasts)
 16612 | Lair:5   | Reached skill level 1 in Evocations
 16813 | Lair:5   | Found a viscous altar of Jiyva.
 16813 | Lair:5   | Found a staircase to the Slime Pits.
 17379 | Lair:5   | Reached skill level 5 in Evocations
 17399 | Lair:5   | Offered knowledge of Airstrike by Vehumet.
 17759 | Lair:5   | Reached skill level 15 in Earth Magic
 18400 | Lair:6   | Entered Level 6 of the Lair of Beasts
 18405 | Lair:6   | Gained mutation: Your large and strong wings let you fly indefinitely. [Gargoyle growth]
 18405 | Lair:6   | Reached XP level 14. HP: 74/74 MP: 20/27
 19042 | Lair:6   | Reached skill level 16 in Earth Magic
 20603 | Orc:1    | Entered Level 1 of the Orcish Mines
 20695 | Orc:1    | Noticed an orc warlord
 20707 | Orc:1    | Killed an orc warlord
 20938 | Orc:2    | Entered Level 2 of the Orcish Mines
 21069 | Orc:2    | Found a staircase to the Elven Halls.
 21494 | Orc:2    | Offered knowledge of Fireball by Vehumet.
 21833 | Orc:1    | Noticed Harold
 21835 | Orc:1    | Noticed an orc warlord
 21845 | Orc:1    | Killed Harold
 21845 | Orc:1    | Demolished by an orc warrior

Skill      XL: |  1  2  3  4  5  6  7  8  9 10 11 12 13 14 |
---------------+-------------------------------------------+-----
Earth Magic    | 4 5 6 7 9 11 14 15 16 | 16.2
Spellcasting   | 6 9 |  9.6
Armour         | 2 7 |  7.3
Conjurations   | 5 9 10 11 | 11.7
Dodging        | 4 |  4.4
Shields        | 4 5 |  5.0
Poison Magic   | 6 9 |  9.0
Evocations     | 6 8 |  8.3
Stealth        | |  2.1
Transmutations | |  0.7

Action                   |  1- 3 |  4- 6 |  7- 9 | 10-12 | 13-15 || total
-------------------------+-------+-------+-------+-------+-------++-------
Melee: Short sword       |    42 |    73 |       |       |       ||   115
       Mace              |       |    81 |    75 |   460 |    30 ||   646
       Hand axe          |       |       |       |       |   157 ||   157
       Staff             |       |       |       |       |    16 ||    16
 Cast: Sandblast         |    28 |    46 |    80 |   136 |   194 ||   484
       Stone Arrow       |       |       |     5 |    44 |    18 ||    67
       Lee's Rapid Decon |       |       |     3 |    27 |    28 ||    58
       Iron Shot         |       |       |       |    13 |    67 ||    80
       Olgreb's Toxic Ra |       |       |       |     5 |    19 ||    24
  Use: Scroll            |     3 |    13 |     8 |     8 |     9 ||    41
       Potion            |     1 |       |     6 |     4 |     9 ||    20
 Stab: Sleeping          |     1 |     1 |     1 |       |       ||     3
       Distracted        |       |     1 |       |       |       ||     1
       Petrified         |       |       |       |       |     2 ||     2
  Eat: Chunk             |       |    10 |     7 |    26 |    31 ||    74
       Ration            |       |       |     2 |     4 |     5 ||    11
Armor: Robe              |    17 |    66 |       |       |       ||    83
       Leather armour    |       |       |    81 |   302 |   230 ||   613
Dodge: Dodged            |    40 |   147 |    93 |   382 |   279 ||   941
Block: Buckler           |       |       |       |   132 |   150 ||   282
